 Dungeon Sprint DCSS version 0.26-a0-1026-g544776af23 (webtiles) character file.

Game seed: 7892437909526868628

160 sahdkjhfkaj the Grappler (level 8, 0/93 HPs)
             Began as a Troll Monk on Dec 9, 2020.
             Was an Initiate of Gozag.
             Slain by a bunyip (35 damage)
             ... in the Dungeon (Sprint VI: "Thunderdome").
             The game lasted 00:02:15 (631 turns).

sahdkjhfkaj the Grappler (Troll Monk)                Turns: 631, Time: 00:02:15

Health: 0/93       AC:  6    Str: 22    XL:     8   Next: 58%
Magic:  7/7        EV: 10    Int:  6    God:    Gozag
Gold:   1234       SH:  0    Dex: 12    Spells: 1/7 levels left

rFire    . . .     SeeInvis .     - Unarmed
rCold    . . .     Faith    .   (no shield)
rNeg     . . .     Spirit   .   a - +0 robe
rPois    .         Reflect  .   (helmet restricted)
rElec    .         Harm     .   (no cloak)
rCorr    .         Rampage  .   (gloves unavailable)
Will     .....     NoTele   +   (boots unavailable)
Stlth    ++........             (no amulet)
HPRegen  0.65/turn              (no ring)
MPRegen  0.10/turn              (no ring)

@: no status effects
A: large, unfitting armour, claws 3, regeneration 1, shaggy fur 1, tough skin 3
a: Potion Petition, Call Merchant, Bribe Branch, Renounce Religion


You were in the Dungeon.
You worshipped Gozag.
Gozag was most pleased with you.
You visited 1 branch You collected 1689 gold pieces.
You spent 455 gold pieces at shops.

Inventory:

Armour
 a - a +0 robe (worn)
Wands
 h - a wand of acid (4)
 i - a wand of iceblast (3)
Scrolls
 g - 3 scrolls of blinking
 j - 3 scrolls of fog
Potions
 b - a potion of curing
 c - a potion of heal wounds
 d - 4 potions of haste
 e - 2 potions of magic
 f - a potion of berserk rage
 k - 2 potions of resistance
 l - a potion of might
 m - a potion of brilliance {unknown}


   Skills:
 - Level 10.1 Fighting
 - Level 2.4 Dodging
 - Level 1.0 Stealth
 - Level 11.8 Unarmed Combat
 + Level 5.5 Transmutations
 + Level 6.6 Earth Magic


You had one spell level left.
You knew the following spells:

 Your Spells              Type           Power        Failure   Level
S - Statue Form           Tmut/Erth      #........    100%        6

Your spell library contained the following spells:

 Spells                   Type           Power        Failure   Level
 Leda's Liquefaction      Hex/Erth       #.........   78%         4
 Bolt of Magma            Conj/Fire/Erth #.........   99%         5
 Iron Shot                Conj/Erth      #.........   100%        6
 Shatter                  Erth           #.........   100%        9


Dungeon Overview and Level Annotations

Branches:
Dungeon (1/1)

Altars:
Cheibriados
Dithmenos
Fedhas
Gozag
Kikubaaqudgha
Makhleb
Okawaru
Qazlal
Ru
Sif Muna
Trog
Uskayaw
Vehumet
Wu Jian
Xom
Yredelemnul
Zin
The Shining One
Beogh
Jiyva
Lugonu

Shops:
D *[??*?*:[((!!!!

Annotations:
D Lernaean hydra


Innate Abilities, Weirdness & Mutations

You are too large for most types of armour.
You have claws for hands.
Your natural rate of healing is unusually fast.
You are covered in fur. (AC +1)
You have extremely tough skin. (AC +3)


Message History

The 27-headed Lernaean hydra is nearby!
The 27-headed Lernaean hydra is nearby!
Casting: Statue Form (potentially lethal; 100% risk of failure)
Confirm with . or Enter, or press ? or * to list all spells.
It is impossible to cast this spell (100% risk of failure)!
Unknown command.
The 27-headed Lernaean hydra roars deafeningly!
An eleionoma comes into view.
The eleionoma shouts!
Blink to where?
Press: ? - help, Dir - move target
As you read the scroll of blinking, it crumbles to dust.
A five-headed hydra comes into view.
A bunyip comes into view.
The bunyip gives a hideous shriek!
The five-headed hydra roars!
You mangle the bunyip!!
The bunyip is moderately wounded.
The bunyip claws you!! x2
You die...
Your body crumbles into a pile of gold.

#_......._# #_......._#
#........_# ###.....D...###
#⌠...........⌠#
######.8.........8.######
##.___......###R.....___∩#
###∩........8.# #.8........∩
##..........@x.###...........
#⌠..........###R..###........
#⌠..........# #.<.# #........
#⌠.........[###...###........
#....[..).....###...........
###∩........8.# #D8........∩
##∩___......###......___∩#
######.8...D.....8.######
#⌠...........⌠#


You could see a bunyip, an eleionoma and a five-headed hydra.

Vanquished Creatures
  2 guardian mummies (D)
  Grinder (D)
  A hornet (D)
  Sigmund (D)
  A spriggan (D)
  Menkaure (D)
  Terence (D)
  Jessica (D)
  An iguana (D)
  10 mummies (D)
  An adder (D)
  A shadow imp (D)
  2 white imps (D)
24 creatures vanquished.

Notes
Turn   | Place    | Note
-------+----------+-------------------------------------------
     0 | D        | sahdkjhfkaj the Troll Monk began the quest for the Orb.
     0 | D        | Reached XP level 1. HP: 22/22 MP: 0/0
     1 | D        | Found a snail-covered altar of Cheibriados.
     2 | D        | Found a basalt altar of Yredelemnul.
     2 | D        | Found an iron altar of Okawaru.
     3 | D        | Found an ornate altar of the Wu Jian Council.
     3 | D        | Found a glowing golden altar of the Shining One.
     4 | D        | Found a sacrificial altar of Ru.
     4 | D        | Found an ancient bone altar of Kikubaaqudgha.
     4 | D        | Found Qecir's Magic Scroll Shop.
     4 | D        | Found Zoak's Staff Store.
     5 | D        | Found a shadowy altar of Dithmenos.
     5 | D        | Round 1.
     7 | D        | Found Gekuwk's Jewellery.
     7 | D        | Found Keha's Advanced Armour.
     7 | D        | Found a bloodstained altar of Trog.
     7 | D        | Found a shimmering blue altar of Sif Muna.
     7 | D        | Found a corrupted altar of Lugonu.
     7 | D        | Found Beece's Identification Station.
     8 | D        | Noticed an iguana
    11 | D        | Found a blossoming altar of Fedhas.
    11 | D        | Noticed Sigmund
    13 | D        | Found a glowing silver altar of Zin.
    14 | D        | Found Leimaph's Premium Goods.
    15 | D        | Found a roughly hewn altar of Beogh.
    15 | D        | Found an opulent altar of Gozag.
    15 | D        | Found Gaseliug's Weapon Rack.
    15 | D        | Found Kymefawu's Miscellaneous Merchandise.
    15 | D        | Found Tupergh's Basic Armour.
    19 | D        | Found a radiant altar of Vehumet.
    20 | D        | Found a viscous altar of Jiyva.
    24 | D        | Became a worshipper of Gozag Ym Sagoz the Greedy
    29 | D        | Killed an iguana
    30 | D        | Reached skill level 5 in Unarmed Combat
    30 | D        | Reached XP level 2. HP: 26/32 MP: 1/1
    31 | D        | Killed Sigmund
    32 | D        | Reached skill level 8 in Unarmed Combat
    32 | D        | Reached XP level 3. HP: 28/46 MP: 2/2
    32 | D        | Reached XP level 4. HP: 34/55 MP: 3/3
    32 | D        | Reached XP level 5. HP: 39/62 MP: 4/4
    45 | D        | Noticed Terence
    52 | D        | Killed Terence
    53 | D        | Reached skill level 9 in Unarmed Combat
    64 | D        | Noticed Jessica
    70 | D        | Killed Jessica
    70 | D        | Arena points: 12 (+12) [x2]
    93 | D        | Found Oliruaci's Magic Scroll Shop.
    93 | D        | Found Yxusuyni's Must-Have Magic.
   128 | D        | Round 2.
   171 | D        | Reached XP level 6. HP: 65/72 MP: 5/5
   176 | D        | Found a stormy altar of Qazlal.
   179 | D        | Bought a book of the Earth for 455 gold pieces
   194 | D        | Noticed Grinder
   202 | D        | Killed Grinder
   203 | D        | Reached skill level 10 in Unarmed Combat
   225 | D        | Found a shimmering altar of Xom.
   240 | D        | Arena points: 22 (+10) [x1]
   255 | D        | Round 3.
   290 | D        | Noticed a guardian mummy
   302 | D        | Killed a guardian mummy
   303 | D        | Reached skill level 10 in Fighting
   303 | D        | Reached skill level 11 in Unarmed Combat
   303 | D        | Reached XP level 7. HP: 7/85 MP: 6/6
   327 | D        | Learned a level 6 spell: Statue Form
   346 | D        | Noticed Menkaure
   379 | D        | Found a burning altar of Makhleb.
   379 | D        | Found a hide-covered altar of Uskayaw.
   381 | D        | Killed Menkaure
   382 | D        | Found Hongowke's Distillery.
   382 | D        | Found Xanuarha's Do-It-Yourself Clinic.
   383 | D        | Found Oclaagov's Distillery.
   383 | D        | Found Esmul's Bottled Wisdom.
   387 | D        | Noticed a guardian mummy
   399 | D        | Killed a guardian mummy
   400 | D        | Reached XP level 8. HP: 52/93 MP: 7/7
   427 | D        | Arena points: 64 (+42) [x2]
   469 | D        | Round 4.
   498 | D        | Reached skill level 5 in Earth Magic
   500 | D        | Arena points: 160 (+96) [x3]
   549 | D        | Round 5.
   586 | D        | Noticed a spriggan rider
   599 | D        | Killed a hornet
   601 | D        | Reached skill level 5 in Transmutations
   605 | D        | Noticed the 27-headed Lernaean hydra
   618 | D        | Noticed an eleionoma
   629 | D        | Noticed a five-headed hydra
   630 | D        | Noticed a bunyip
   631 | D        | Slain by a bunyip

Illustrated notes

Levels and vault maps discovered:
D:        arena_sprint

Skill      XL: |  1  2  3  4  5  6  7  8 |
---------------+-------------------------+-----
Fighting       | 4 7 10 | 10.1
Unarmed Combat | 5 8 9 11 | 11.8
Transmutations | 3 5 |  5.5
Earth Magic    | 4 6 |  6.6
Dodging        | |  2.4
Stealth        | |  1.0

Action                   |  1- 3 |  4- 6 |  7- 9 || total
-------------------------+-------+-------+-------++-------
Melee: Unarmed           |     4 |    33 |    45 ||    82
       Punch             |     1 |     2 |     1 ||     4
Evoke: Wand              |     3 |       |       ||     3
  Use: Potion            |       |       |     3 ||     3
       Scroll            |       |       |     1 ||     1
Armor: Robe              |       |     6 |       ||     6
Dodge: Dodged            |     3 |     7 |     9 ||    19

Table legend: (Time is in decaauts)
 A = Elapsed time spent in this place.
 B = Non-inter-level travel time spent in this place.
 C = Inter-level travel time spent in this place.
 D = Time resting spent in this place.
 E = Time spent auto-exploring this place.
 F = Levels seen in this place.
 G = Mean time per level.
                   A        B        C        D        E       F      G
               +--------+--------+--------+--------+--------+-----+--------+
         Total |    615 |    615 |      0 |    318 |      0 |   1 |  615.0 |
       Dungeon |    615 |    615 |      0 |    318 |      0 |   1 |  615.0 |
               +--------+--------+--------+--------+--------+-----+--------+

Top non-repeatable levels by time:
       D: 615 daAuts
